 Dungeon Crawl Stone Soup version 0.30-a0-800-g7c544603b3 (webtiles) character file.

Game seed: 12265433006548504795

905 xian the Cleaver (level 8, -3/69 HPs)
             Began as a Hill Orc Fighter on Feb 21, 2023.
             Was an Initiate of Beogh.
             Slain by an orc warrior
             ... wielding a +0 glaive
             ... created by the fury of Okawaru
              (15 damage)
             ... on level 6 of the Dungeon.
             The game lasted 00:12:59 (4296 turns).

xian the Cleaver (Hill Orc Fighter)                 Turns: 4296, Time: 00:13:00

Health: -3/69      AC: 11    Str: 21    XL:     8   Next: 8%
Magic:  8/8        EV: 10    Int:  8    God:    Beogh [......]
Gold:   254        SH: 10    Dex: 10    Spells: 7/7 levels left

rFire   . . .      SeeInvis .    a - +0 war axe
rCold   . . .      Faith    .    c - +0 buckler
rNeg    . . .      Spirit   .    D - +1 ring mail of Vicotsyp {Regen+}
rPois   +          Reflect  +    (no helmet)
rElec   .          Harm     .    (no cloak)
rCorr   .          Rampage  .    (no gloves)
Will    .....                    (no boots)
Stlth   +                        j - amulet of reflection
HPRegen 1.11/turn                v - +4 ring of protection
MPRegen 0.11/turn                F - ring of poison resistance

@: slowed, very slow
A: no striking features
a: Renounce Religion


You were on level 6 of the Dungeon.
You worshipped Beogh.
Beogh was noncommittal.
You visited 2 branches of the dungeon, and saw 7 of its levels.

You collected 254 gold pieces.

Inventory:

Hand Weapons
 a - a +0 war axe (weapon)
Missiles
 s - 15 stones (quivered)
 w - 6 boomerangs
 y - 2 curare-tipped darts
 z - 15 poisoned darts
 B - a throwing net
Armour
 b - a +1 plate armour
 c - a +0 buckler (worn)
 D - the +1 ring mail of Vicotsyp (worn) {Regen+}
   (You found it on level 4 of the Dungeon)

   Regen:     It increases your rate of health regeneration.
Jewellery
 j - an amulet of reflection (around neck)
 v - a +4 ring of protection (left hand)
 F - a ring of poison resistance (right hand)
 H - a ring of wizardry
 L - a ring of resist corrosion
 M - a ring of fire
Wands
 g - a wand of flame (13)
Scrolls
 e - 3 scrolls of blinking
 i - a scroll of torment
 m - 5 scrolls of enchant armour
 n - 2 scrolls of teleportation
 p - 3 scrolls of amnesia
 r - a scroll of brand weapon
 x - 2 scrolls of fog
 C - 2 scrolls of poison
 E - 3 scrolls of identify
 G - a scroll of enchant weapon {unknown}
 J - a scroll of silence {unknown}
 K - 2 scrolls of fear {unknown}
Potions
 d - 4 potions of might
 f - 6 potions of heal wounds {unknown}
 h - a potion of brilliance {unknown}
 k - 4 potions of curing {unknown}
 l - 2 potions of degeneration {unknown}
 o - 3 potions of lignification {unknown}
 q - 2 potions of cancellation {unknown}
 t - a potion of mutation {unknown}
 u - 2 potions of berserk rage {unknown}
 A - a potion of haste {unknown}
 I - a potion of attraction {unknown}


   Skills:
 + Level 5.6 Fighting
 + Level 8.1 Axes
 + Level 0.1 Throwing
 + Level 5.3 Armour
 + Level 1.4 Dodging
 + Level 0.2 Stealth
 + Level 5.0 Shields


You had 7 spell levels left.
You didn't know any spells.
Your spell library contained the following spells:

 Spells                   Type           Power      Damage    Failure   Level
 Foxfire                  Conj/Fire      0%         2x1d4     65%         1
 Magic Dart               Conj           0%         1d3       65%         1
 Call Imp                 Summ           0%         N/A       80%         2
 Gell's Gravitas          Tloc           0%         N/A       95%         3
 Mephitic Cloud           Conj/Pois/Air  0%         N/A       95%         3
 Teleport Other           Tloc           0%         N/A       95%         3
 Fireball                 Conj/Fire      0%         3d3       100%        5
 Dispersal                Tloc           0%         N/A       100%        6
 Starburst                Conj/Fire      0%         6d3       100%        6


Dungeon Overview and Level Annotations

Branches:
Dungeon (6/15)             Temple (1/1) D:4

Altars:
Ashenzari
Dithmenos
Elyvilon
Gozag
Hepliaklqana
Kikubaaqudgha
Makhleb
Nemelex Xobeh
Okawaru
Qazlal
Sif Muna
Trog
Uskayaw
Vehumet
Wu Jian
Zin
The Shining One

Shops:
D:1 *


Message History

The orc warrior hits you from afar with a +0 glaive.
You block the orc's attack.
The orc warrior hits you from afar with a +0 glaive!
The orc warrior hits you with a +0 war axe.
The orc wizard hits you with a +0 dagger.
You block the orc's attack.
You slash the orc!
You kill the orc!
That felt strangely unrewarding.
You closely miss the orc wizard. You slash the orc warrior! You hit the orc.
You kill the orc!
That felt strangely unrewarding.
You barely miss the orc. You block the orc warrior's attack.
The orc wizard gestures at you while chanting.
The magic dart hits you but does no damage.
You block the orc warrior's attack. The orc misses you.
You block the orc's attack.
The orc warrior hits you from afar with a +0 glaive.
The orc warrior hits you but does no damage.
The orc wizard hits you but does no damage.
You block the orc warrior's attack. x2
The orc wizard casts a spell at you. You resist with some effort.
The orc warrior hits you from afar with a +0 glaive!
The orc warrior closely misses you.
The orc warrior hits you with a +0 war axe.
Unknown command.
You hit the orc warrior but do no damage.
The orc warrior is heavily wounded.
The orc warrior hits you from afar with a +0 glaive.
The orc warrior hits you with a +0 war axe!
* * * LOW HITPOINT WARNING * * *
You hit the orc warrior.
The orc warrior is severely wounded.
You closely miss the orc wizard. You hit the orc.
You block the orc warrior's attack. The orc warrior misses you.
The orc hits you but does no damage.
The orc warrior hits you but does no damage.
The orc warrior hits you from afar with a +0 glaive!
You die...

##.....#...##.#.
#.............##
#...##....).†...
#...###....#####
######.# #...## #
##..##..# ##..#
#....o..# #..... #
##:oo..<#####.#...
#
#...@o.....#..###.
# #............. #
##............ ..
#..#.........#
..#.
##.##.......##
..... ## .......##
..... ...#### ...#
...#


You could see 2 orc warriors, an orc wizard and an orc.

Vanquished Creatures
  A centaur (D:6)
  A phantom (D:6)
  A bullfrog (D:6)
  A necrophage (D:4)
  A scorpion (D:4)
  2 jellies
  A gnoll bouda (D:6)
  2 hounds (D:5)
  3 orc wizards
  2 iguanas
  7 gnolls
  7 adders
  A white imp (D:3)
  A worm (D:3)
  3 dart slugs
  18 orcs
  8 ball pythons
  5 endoplasms
  2 giant cockroaches
  11 goblins
  5 hobgoblins
  15 jackals
  4 kobolds
  5 quokkas
  6 bats
  5 frilled lizards
  A goblin skeleton (D:3)
  8 hobgoblin zombies (D:3)
  A kobold skeleton (D:3)
  A kobold zombie (D:3)
  3 orc skeletons (D:3)
  2 orc zombies (D:3)
  5 rats
139 creatures vanquished.

Vanquished Creatures (others)
  A centaur (D:5)
1 creature vanquished.

Grand Total: 140 creatures vanquished

Notes
Turn   | Place    | Note
-------+----------+-------------------------------------------
     0 | D:1      | xian the Hill Orc Fighter began the quest for the Orb.
     0 | D:1      | Reached XP level 1. HP: 19/19 MP: 1/1
    90 | D:1      | Reached XP level 2. HP: 27/27 MP: 2/2
   222 | D:1      | Found Asyigijy's General Store.
   269 | D:1      | Reached skill level 3 in Axes
   577 | D:1      | Reached XP level 3. HP: 33/33 MP: 3/3
   998 | D:2      | You fall into a shaft and drop 2 floors!
  1018 | D:4      | Reached skill level 4 in Axes
  1018 | D:4      | Reached XP level 4. HP: 31/40 MP: 4/4
  1088 | D:4      | Noticed a necrophage
  1103 | D:4      | Killed a necrophage
  1104 | D:4      | Reached XP level 5. HP: 47/47 MP: 5/5
  1229 | D:3      | Reached skill level 5 in Axes
  1250 | D:3      | Found a glowing golden altar of the Shining One.
  1929 | D:2      | Reached XP level 6. HP: 41/53 MP: 6/6
  2491 | D:4      | Reached skill level 6 in Axes
  2515 | D:4      | Identified the +1 ring mail of Vicotsyp {Regen+}
  2887 | D:4      | Found a staircase to the Ecumenical Temple.
  2916 | Temple   | Entered the Ecumenical Temple
  2924 | Temple   | Became a worshipper of Warmaster Okawaru
  3203 | D:5      | Entered Level 5 of the Dungeon
  3446 | D:5      | Found a stormy altar of Qazlal.
  3494 | D:5      | Reached skill level 1 in Dodging
  3494 | D:5      | Reached XP level 7. HP: 46/60 MP: 7/7
  3707 | D:5      | Reached skill level 5 in Fighting
  3869 | D:5      | Reached skill level 7 in Axes
  3943 | D:5      | Fell from the grace of Okawaru
  3943 | D:5      | Became a worshipper of Beogh the Brigand
  4028 | D:5      | Noticed an orc knight
  4028 | D:5      | Noticed a troll
  4239 | D:6      | Reached skill level 5 in Armour
  4285 | D:6      | Reached skill level 8 in Axes
  4285 | D:6      | Reached skill level 5 in Shields
  4285 | D:6      | Reached XP level 8. HP: 66/69 MP: 8/8
  4296 | D:6      | Slain by an orc warrior

Illustrated notes

Levels and vault maps discovered:
D:1:      lightli_arrival_quake, layout_loops_corners, serial_glass,
          glass_columns_a, glass_columns_a, serial_shops, shop
D:2:      layout_rooms, minmay_circle_x
D:3:      layout_rooms, nicolae_tso_besieged_by_evil
D:4:      layout_basic, minmay_temple_entry_mist
D:5:      layout_loops_ring, mainiacjoe_overflow_concentric_impassable,
          grunt_ministairs_14
D:6:      layout_cave_pools, minmay_microvault
Temple:   nicolae_temple_no_exploring_needed

Skill      XL: |  1  2  3  4  5  6  7 |
---------------+----------------------+-----
Axes           | 3 4 5 6 8 |  8.1
Fighting       | 4 5 |  5.6
Armour         | 4 5 |  5.3
Shields        | 4 5 |  5.0
Dodging        | 1 |  1.4
Throwing       | |  0.1
Stealth        | |  0.2

Action                     |  1- 3 |  4- 6 |  7- 9 || total
---------------------------+-------+-------+-------++-------
  Melee: War axe           |   134 |   201 |   125 ||   460
  Throw: Stone             |     4 |     1 |       ||     5
 Invoke: Convert to Beogh  |       |       |     1 ||     1
    Use: Scroll            |       |     9 |       ||     9
 Armour: Scale mail        |    68 |     2 |       ||    70
         Chain mail        |       |     1 |       ||     1
         Plate armour      |       |    89 |       ||    89
         Ring mail         |       |    15 |    64 ||    79
  Dodge: Dodged            |    63 |    59 |    46 ||   168
  Block: Buckler           |    46 |   107 |    72 ||   225
         Reflection        |       |     5 |     4 ||     9

Table legend: (Time is in decaauts)
 A = Elapsed time spent in this place.
 B = Non-inter-level travel time spent in this place.
 C = Inter-level travel time spent in this place.
 D = Time resting spent in this place.
 E = Time spent auto-exploring this place.
 F = Levels seen in this place.
 G = Mean time per level.
                   A        B        C        D        E       F      G
               +--------+--------+--------+--------+--------+-----+--------+
         Total |   4434 |   4258 |    176 |      0 |   2396 |   7 |  633.4 |
       Dungeon |   4419 |   4251 |    168 |      0 |   2396 |   6 |  736.5 |
        Temple |     14 |      6 |      8 |      0 |      0 |   1 |   14.0 |
               +--------+--------+--------+--------+--------+-----+--------+

Top non-repeatable levels by time:
     D:1: 1076 daAuts
     D:4: 930 daAuts
     D:5: 908 daAuts
     D:2: 681 daAuts
     D:3: 631 daAuts
     D:6: 191 daAuts
  Temple: 14 daAuts
